 Dungeon Crawl Stone Soup version 0.27.1-1-g398f81649c (webtiles) character file.

Game seed: 14265664181599860849

1817 raph the Reanimator (level 8, 0/72 HPs)
             Began as a Deep Dwarf Necromancer on Sept 21, 2021.
             Was a Follower of Makhleb.
             Slain by a bullfrog skeleton (5 damage)
             ... on level 6 of the Dungeon.
             The game lasted 00:18:54 (9019 turns).

raph the Reanimator (Deep Dwarf Necromancer)        Turns: 9019, Time: 00:18:54

Health: 0/72       AC:  6    Str: 12    XL:     8   Next: 85%
Magic:  10/10      EV: 14    Int: 17    God:    Makhleb [*.....]
Gold:   168        SH:  0    Dex: 14    Spells: 2/11 levels left

rFire    . . .     SeeInvis .   a - +6 falchion (holy)
rCold    . . .     Faith    .   (no shield)
rNeg     . . .     Spirit   .   n - +2 robe {Will+}
rPois    .         Reflect  .   h - +1 helmet
rElec    .         Harm     .   (no cloak)
rCorr    .         Rampage  .   (no gloves)
Will     ++...                  (no boots)
Stlth    +++.......             (no amulet)
HPRegen  0.00/turn              (no ring)
MPRegen  0.12/turn              (no ring)

@: no status effects
A: damage resistance, heal wounds, sense surroundings 1, no regeneration
a: Heal Wounds, Renounce Religion


You were on level 6 of the Dungeon.
You worshipped Makhleb.
Makhleb was aware of your devotion.
You visited 2 branches of the dungeon, and saw 7 of its levels.

You collected 168 gold pieces.

Inventory:

Hand Weapons
 a - a +6 falchion of holy wrath (weapon)
 b - a +0 falchion of flaming
 c - a +0 dagger
 l - a +1 dagger of protection
 m - a +0 long sword
Armour
 h - a +1 helmet (worn)
 n - a +2 robe of willpower (worn)
 o - a +0 robe
Jewellery
 u - an amulet of guardian spirit
Wands
 t - a wand of paralysis (7)
Scrolls
 e - 2 scrolls of fear
 i - 2 scrolls of blinking
 q - a scroll of immolation {unknown}
 r - a scroll of vulnerability {unknown}
Potions
 d - a potion of resistance
 f - a potion of flight {unknown}
 g - 2 potions of mutation
 j - 2 potions of brilliance
 k - a potion of degeneration
 p - 3 potions of curing
 s - a potion of haste {unknown}


   Skills:
 + Level 4.0 Fighting
 + Level 0.1 Long Blades
 + Level 6.0 Dodging
 - Level 7.0 Stealth
 + Level 2.3 Spellcasting
 * Level 9.1 Necromancy
 + Level 0.2 Invocations


You had 2 spell levels left.
You knew the following spells:

 Your Spells              Type           Power      Damage    Failure   Level
a - Pain                  Necr           100%       1d9       1%          1
b - Animate Skeleton      Necr           66%        N/A       1%          1
c - Vampiric Draining     Necr           16%        2d8       1%          3
d - Animate Dead          Necr           16%        N/A       4%          4

Your spell library contained the following spells:

 Spells                   Type           Power      Damage    Failure   Level
 Sublimation of Blood     Necr           16%        N/A       1%          2
 Wereblood                Tmut           1%         N/A       28%         2
 Agony                    Necr           33%        N/A       12%         5
 Conjure Flame            Conj/Fire      1%         6-21      50%         3
 Ignite Poison            Fire/Tmut/Pois 1%         N/A       50%         3
 Sticky Flame             Conj/Fire      1%         2d3       88%         4
 Summon Hydra             Summ           0%         N/A       100%        7


Dungeon Overview and Level Annotations

Branches:
Dungeon (6/15)             Temple (1/1) D:4

Altars:
Ashenzari
Dithmenos
Fedhas
Gozag
Hepliaklqana
Kikubaaqudgha
Makhleb
Okawaru
Qazlal
Sif Muna
Trog
Xom

Shops:
D:5 (

Annotations:
D:4 Duvessa


Innate Abilities, Weirdness & Mutations

You are resistant to damage.
You can heal yourself by infusing magical energy.
You passively map a small area around you.
You do not regenerate.


Message History

Aiming: Pain (safe; 1% risk of failure)
Press: ? - help, Q - select action, (/) - cycle Shift-Dir - straight line, f/p - orc priest
Aim: an orc priest, wielding a +0 whip and wearing a +0 scale mail (heavily wounded, chance to affect: 84%)
The orc priest writhes in agony!
You kill the orc priest!
Makhleb accepts your kill.
Your Dodging skill increases to level 6!
You start resting.
Magic restored.
Things that are here:
a +0 dagger; an orc corpse
Casting: Pain (safe; 1% risk of failure)
Confirm with . or Enter, or press ? or * to list all spells.
You call on the dead to rise...
The dead are walking!
Things that are here:
a +0 whip; a +0 scale mail Your orc zombie crumbles into dust!
Found 17 gold pieces.
A bullfrog skeleton comes into view.
The bullfrog skeleton moves out of view.
You hit the bullfrog skeleton.
The bullfrog skeleton convulses.
The bullfrog skeleton is moderately damaged.
The bullfrog skeleton hits you.
* * * LOW HITPOINT WARNING * * *
The bullfrog skeleton barely misses you.
You slash the bullfrog skeleton!
The bullfrog skeleton convulses.
The bullfrog skeleton is heavily damaged.
The bullfrog skeleton hits you.
* * * LOW HITPOINT WARNING * * *
Okay, then.
Okay, then.
You fail to use your ability.
The bullfrog skeleton misses you.
The bullfrog skeleton hits you but does no damage.
You hit the bullfrog skeleton.
The bullfrog skeleton convulses!
The bullfrog skeleton is almost destroyed.
The bullfrog skeleton hits you but does no damage.
You barely miss the bullfrog skeleton.
The bullfrog skeleton is almost destroyed.
The bullfrog skeleton hits you.
You die...

# ... , #. ... * , , ##.#
*#.# * ..... #.# # * #[.#
#...##.$.## #..#
#......#..# ≈ #####..#
#........# ≈ * #......#
*# *#Z#.# ≈ #.#
#..######.##@#.# ≈
..###..............#* ,
.......######.##.### ≈≈ ,
, , ####.......... #.# **
* * .......####### #.###
###.#### #...########
#.##############)).......
#.#.........)....########
* * #.#.##############


You could see a bullfrog skeleton.

Vanquished Creatures
  Pikel (D:2)
  3 black bears
  An ice beast (D:6)
  A necrophage (D:4)
  2 lemures
  A phantom (D:5)
  Blork the orc (D:5)
  A bullfrog (D:6)
  A wyvern zombie (D:6)
  A scorpion (D:4)
  A bullfrog zombie (D:5)
  A centaur zombie (D:5)
  3 hounds
  A jelly (D:5)
  2 orc priests
  4 iguanas
  An orc wizard (D:6)
  A killer bee zombie (D:5)
  A hound skeleton (D:4)
  A howler monkey skeleton (D:6)
  4 gnolls
  4 adders
  A white imp (D:6)
  An ufetubus (D:3)
  2 worms
  3 dart slugs
  13 orcs
  9 bats
  9 endoplasms
  3 giant cockroaches
  7 hobgoblins
  6 jackals
  7 kobolds
  7 quokkas
  5 ball pythons
  3 frilled lizards
  9 goblins
  2 rats
124 creatures vanquished.

Vanquished Creatures (collateral kills)
  A rat (D:1)
1 creature vanquished.

Vanquished Creatures (others)
  2 plants (D:2)
2 creatures vanquished.

Grand Total: 127 creatures vanquished

Notes
Turn   | Place    | Note
-------+----------+-------------------------------------------
     0 | D:1      | raph the Deep Dwarf Necromancer began the quest for the
                  | Orb.
     0 | D:1      | Reached XP level 1. HP: 15/15 MP: 3/3
   105 | D:1      | Learned a level 1 spell: Animate Skeleton
   178 | D:1      | Reached XP level 2. HP: 22/22 MP: 1/4
   398 | D:1      | Found a faded altar of an unknown god.
   881 | D:1      | Reached XP level 3. HP: 25/28 MP: 4/6
   885 | D:1      | Learned a level 3 spell: Vampiric Draining
  1037 | D:1      | Reached skill level 5 in Necromancy
  2948 | D:2      | Reached XP level 4. HP: 30/36 MP: 0/7
  4715 | D:4      | Noticed a necrophage
  4717 | D:4      | Found a staircase to the Ecumenical Temple.
  4824 | D:4      | Noticed a black bear
  4947 | D:4      | Killed a black bear
  4948 | D:4      | Reached skill level 1 in Fighting
  4948 | D:4      | Reached XP level 5. HP: 44/44 MP: 0/8
  5048 | D:4      | Found a shadowy altar of Dithmenos.
  5051 | Temple   | Entered the Ecumenical Temple
  5182 | Temple   | Became a worshipper of Makhleb the Destroyer
  5356 | D:4      | Reached skill level 6 in Necromancy
  5486 | D:4      | Killed a necrophage
  5487 | D:4      | Reached XP level 6. HP: 45/51 MP: 9/9
  5522 | D:4      | Noticed Duvessa
  5536 | D:5      | Entered Level 5 of the Dungeon
  6093 | D:5      | Learned a level 4 spell: Animate Dead
  6288 | D:5      | Noticed Blork the orc
  6302 | D:5      | Killed Blork the orc
  6303 | D:5      | Reached XP level 7. HP: 17/60 MP: 0/10
  6323 | D:5      | Reached skill level 5 in Stealth
  6323 | D:5      | Reached skill level 7 in Necromancy
  6493 | D:5      | Noticed Pikel
  6950 | D:5      | Found an iron altar of Okawaru.
  6958 | D:4      | Reached * piety under Makhleb
  7143 | D:2      | Killed Pikel
  7144 | D:2      | Reached skill level 5 in Dodging
  7144 | D:2      | Reached skill level 8 in Necromancy
  7144 | D:2      | Reached XP level 8. HP: 30/69 MP: 1/10
  7962 | D:5      | Found Raohainn's Weapon Shop.
  8080 | D:6      | Found a shimmering altar of Xom.
  8387 | D:6      | Reached skill level 9 in Necromancy
  8856 | D:6      | Identified the +1 chain mail of the Ego {Harm Will+}
  9019 | D:6      | Slain by a bullfrog skeleton

Illustrated notes

Levels and vault maps discovered:
D:1:      lightli_arrival_isolated_outpost, layout_basic,
          shapermc_ecumenical_altar_totnotflames
D:2:      layout_basic, serial_forest, infiniplex_forest_clump_tiny,
          infiniplex_forest_clump_tiny, infiniplex_forest_end_3,
          infiniplex_forest_corner_1, infiniplex_forest_zigzag_1,
          infiniplex_forest_straight_2
D:3:      layout_basic
D:4:      layout_rooms, mainiacjoe_overflow_concentric_impassable,
          lemuel_round_altar, uniq_duvessa
D:5:      layout_loops_ring, lemuel_doored_altar, serial_shops,
          kennysheep_mini_moat, minmay_misc_feat_rugged, uniq_blork_the_orc,
          uniq_pikel
D:6:      layout_loops_ring, nicolae_overflow_hidden_temple,
          mainiacjoe_overflow_catwalk, nzn_wu_jian_contemplation
Temple:   nicolae_temple_figure_zero

Skill      XL: |  1  2  3  4  5  6  7  8 |
---------------+-------------------------+-----
Spellcasting   | 2 |  2.3
Stealth        | 3 4 6 7 |  7.0
Necromancy     | 5 6 8 9 |  9.1
Dodging        | 3 4 5 6 |  6.0
Fighting       | 1 2 3 4 |  4.0
Long Blades    | |  0.1
Invocations    | |  0.2

Action                   |  1- 3 |  4- 6 |  7- 9 || total
-------------------------+-------+-------+-------++-------
Melee: Dagger            |    48 |    34 |       ||    82
       Falchion          |       |    28 |    68 ||    96
 Cast: Pain              |    57 |    35 |    22 ||   114
       Animate Skeleton  |     9 |     2 |       ||    11
       Vampiric Draining |     9 |    24 |    36 ||    69
       Animate Dead      |       |     1 |     3 ||     4
 Abil: Heal Wounds       |       |       |     2 ||     2
  Use: Scroll            |       |    13 |     3 ||    16
       Potion            |       |     1 |     1 ||     2
 Stab: Sleeping          |     1 |     3 |     1 ||     5
Armor: Robe              |    27 |    18 |    29 ||    74
Dodge: Dodged            |    50 |    65 |    79 ||   194
       Rpst.: Falchion   |       |     3 |    30 ||    33
